 Dungeon Crawl Stone Soup version 0.26-a0-542-gbaa144ba5c (webtiles) character file.

Game seed: 8121143479032357772

58334 Aksej the Cleaver (level 14, -4/86 HPs)
             Began as a Demonspawn Gladiator on Aug 17, 2020.
             Was the Champion of Qazlal.
             Slain by a lorocyproca (7 damage)
             ... on level 2 of the Abyss.
             The game lasted 01:01:31 (16891 turns).

Aksej the Cleaver (Demonspawn Gladiator)           Turns: 16891, Time: 01:01:32

Health: -4/86      AC: 37    Str: 23    XL:     14   Next: 49%
Magic:  1/25       EV: 16    Int: 10    God:    Qazlal [******]
Gold:   751        SH: 19    Dex: 18    Spells: 19/28 levels left

rFire    + + .     SeeInvis .   S - +9 long sword of Untruth {flame, Fragile rPois Str+4}
rCold    . . .     Faith    .   (no shield)
rNeg     . . .     Spirit   .   k - +4 fire dragon scales
rPois    +         Reflect  +   O - +2 hat
rElec    +         Harm     .   y - +1 cloak {Stlth+}
rCorr    .                      h - +2 pair of gloves {Str+3}
MR       ++...                  i - +0 pair of boots
Stlth    ..........             M - amulet of reflection
HPRegen  0.00/turn              n - ring of protection from magic
MPRegen  0.19/turn              R - +4 ring of protection

@: mighty, protected from electricity, non-regenerating, badly diseased, repel
missiles
A: hooves 2, large bone plates 2, cold resistance 1, demonic guardian 1, [frail
2], icemail, freezing cloud immunity, [subdued magic 2]
a: Upheaval, Elemental Force, Disaster Area, Renounce Religion


You were on level 2 of the Abyss.
You worshipped Qazlal.
Qazlal was exalted by your worship.
You visited 2 branches of the dungeon, and saw 18 of its levels.
You visited the Abyss 2 times.
You also visited: Ice Cave.

You collected 1268 gold pieces.
You spent 517 gold pieces at shops.

Inventory:

Hand Weapons
 a - the +5 battleaxe of Ylaaxkix {vamp, *Rage rF+ rC+++ Dex+7}
   (You bought it in a shop on level 9 of the Dungeon)

   It inflicts no extra harm, but heals its wielder when it wounds a living foe.
   It affects your dexterity (+7).
   It protects you from fire.
   It renders you almost immune to cold.
   It may make you go berserk in combat.
 b - a +3 scimitar of flaming
 c - the +7 dagger of the Forgotten Stories {venom, +Fly rC+}
   (You found it on level 8 of the Dungeon)

   It poisons the flesh of those it strikes.
   It protects you from cold.
   It lets you fly.
 K - the cursed +1 demon blade of Chagrin {elec, Fragile rElec rPois rN++}
   (You found it in an ice cave)

   Occasionally, upon striking a foe, it will discharge some electrical energy
   and cause terrible harm.
   It insulates you from electricity.
   It protects you from poison.
   It greatly protects you from negative energy.
   It will be destroyed if unequipped.
   It has a curse placed upon it.
 S - the +9 long sword of Untruth (weapon) {flame, Fragile rPois Str+4}
   (You found it on level 15 of the Dungeon)

   It has been specially enchanted to burn those struck by it, causing extra
   injury to most foes and up to half again as much damage against particularly
   susceptible opponents.
   Big, fiery blades are also staple armaments of hydra-hunters.
   It affects your strength (+4).
   It protects you from poison.
   It will be destroyed if unequipped.
Missiles
 I - 4 javelins (quivered)
 J - 6 silver boomerangs
 N - 4 boomerangs
Armour
 h - a +2 pair of gloves of strength (worn)
 i - a +0 pair of boots (worn)
 k - +4 fire dragon scales (worn)
 y - a +1 cloak of stealth (worn)
 O - a +2 hat (worn)
Jewellery
 n - a ring of protection from magic (left hand)
 p - an uncursed ring of magical power
 L - an uncursed ring of flight
 M - an amulet of reflection (around neck)
 Q - an uncursed ring of poison resistance
 R - a +4 ring of protection (right hand)
Wands
 d - a wand of acid (22)
 e - a wand of polymorph (6)
 m - a wand of digging (4)
 r - a wand of flame (52)
 w - a wand of iceblast (40)
 E - a wand of paralysis (6)
 G - a wand of random effects (7)
Scrolls
 f - 6 scrolls of teleportation
 l - 2 scrolls of blinking
 o - 8 scrolls of remove curse
 q - 2 scrolls of magic mapping
 v - 9 scrolls of immolation
 A - 4 scrolls of fog
 B - 2 scrolls of enchant weapon
 F - 2 scrolls of amnesia
 P - a scroll of fear
Potions
 g - 5 potions of curing
 s - 3 potions of invisibility
 u - a potion of flight
 x - 2 potions of ambrosia
 z - 2 potions of brilliance
 C - 3 potions of magic
 D - 3 potions of stabbing
Miscellaneous
 t - a condenser vane (2/2)


   Skills:
 + Level 9.0 Fighting
 + Level 4.7(5.0) Short Blades
 * Level 2.4(3.9) Long Blades
 * Level 11.8 Axes
 + Level 8.4 Throwing
 + Level 8.0 Armour
 + Level 8.7 Dodging
   Level 4.3 Shields
 + Level 7.9 Spellcasting
 + Level 9.6 Necromancy


You had 19 spell levels left.
You knew the following spells:

 Your Spells              Type           Power        Failure   Level
a - Animate Skeleton      Necr           ##....       1%          1
b - Pain                  Necr           ##..         1%          1
c - Animate Dead          Necr           ##........   5%          4
d - Vampiric Draining     Necr           ##........   1%          3

Your spell library contained the following spells:

 Spells                   Type           Power        Failure   Level
 Agony                    Necr           ##......     17%         5
 Apportation              Tloc           #.....       34%         1
 Corona                   Hex            #......      34%         1
 Shock                    Conj/Air       #...         34%         1
 Summon Small Mammal      Summ           #...         34%         1
 Swiftness                Air            #.......     47%         2
 Confusing Touch          Hex            #.......     73%         3
 Gell's Gravitas          Tloc           #.........   73%         3
 Static Discharge         Conj/Air       #.......     73%         3
 Airstrike                Air            #.........   99%         4
 Petrify                  Tmut/Erth      #.......     99%         4
 Summon Lightning Spire   Summ/Air       #.......     99%         4
 Lightning Bolt           Conj/Air       #.........   100%        5
 Metabolic Englaciation   Hex/Ice        #.........   100%        5
 Silence                  Hex/Air        #.........   100%        5
 Yara's Violent Unravell  Hex/Tmut       #.........   100%        5
 Conjure Ball Lightning   Conj/Air       #.........   100%        6
 Tornado                  Air            #.........   100%        9


Dungeon Overview and Level Annotations

Branches:
Dungeon (15/15)            Temple (0/1) D:7            Lair (4/6) D:10
  Snake (0/4) Lair:4          Orc (0/2) D:10         Vaults (0/5) D:14
 Depths (0/5) D:15          IceCv (visited)
  Swamp: Lair:2-4    Shoals: Lair:2-4

Altars:
Elyvilon
Hepliaklqana
Kikubaaqudgha
Nemelex Xobeh
Okawaru
Qazlal
Ru
Sif Muna
Uskayaw
Wu Jian
The Shining One
Beogh

Shops:
D:7 [   D:9 (   D:13 [

Annotations:
Lair:4 Sonja


Innate Abilities, Weirdness & Mutations

You have hoof-like feet.
You are mostly covered in large bone plates. (SH +6)
Your flesh is cold resistant. (rC+)
A weak demonic guardian rushes to your aid.
A meltable icy envelope protects you from harm. (AC +10)
You are immune to freezing clouds.
[You are very frail. (-20% HP)]
[Your spells are easier to cast, but less powerful.]


Message History

You slash something! You burn something. You block the hellwing's attack. x2
Your quasit misses the raiju.
Your quasit completely misses the raiju.
Your quasit claws the raiju but does no damage.
The raiju is engulfed in freezing vapours.
The raiju bites your quasit.
Your quasit dies!
Something hits you.
* * * LOW HITPOINT WARNING * * *
You feel your power leaking away. The hellwing barely misses you.
The hellwing hits you but does no damage.
You miss something.
The raiju is engulfed in freezing vapours.
You kill the raiju!
Qazlal accepts your kill. Something hits you but does no damage.
You block the hellwing's attack. The hellwing completely misses you.
You closely miss something. Something hits you!
You die...

.#.##.5 ..#
..#. ..##
## # # ..##
.h########
..#.. .#
#.#.(....#
. .#
.5##......#
. #. .#
#.##.....#
. # # # #
#°.x# #
##.##.{4#
###.#@#
#.#.# #.°.#
###.# ###


You could see a hellwing and a small abomination.

Vanquished Creatures
  Frances (D:12)
  A reaper (IceCv)
  Snorg (D:12)
  Harold (Lair:1)
  The ghost of rasy the Severer, a journeyman MiFi of Okawaru (D:10)
  A hydra (Lair:1)
  2 ice dragons (D:15)
  4 vault guards (D:14)
  4 centaur warriors
  Erica (Lair:1)
  A tengu warrior (D:15)
  3 two-headed ogres (D:15)
  2 ogre magi
  2 thrashing horrors (Abyss:2)
  A wretched star (Abyss:2)
  2 unseen horrors (D:14)
  2 orc knights
  A wolf spider zombie (D:13)
  2 deep elf magi
  Pikel (D:6)
  A wolf spider (D:15)
  A cyclops (D:15)
  16 ugly things
  2 manticores (D:15)
  A worldbinder (Abyss:2)
  A centaur zombie (D:12)
  2 ice statues (IceCv)
  2 cane toads
  2 gargoyles
  A komodo dragon (Lair:4)
  2 kobold demonologists (D:14)
  2 freezing wraiths
  10 ice devils (IceCv)
  2 yaktaurs
  2 tengu conjurers
  4 trolls
  2 hornets (D:12)
  A wolf spider simulacrum (D:15)
  3 blink frogs (Lair:4)
  2 raiju (Abyss:2)
  A harpy skeleton (D:15)
  7 hippogriffs
  6 wraiths
  A human (D:7)
  20 yaks
  2 wyverns
  2 hogs (D:7)
  3 basilisks
  6 vampire mosquitoes
  A soldier ant (D:13)
  Duvessa (D:6)
  2 nagas (Lair:4)
  2 porcupines
  4 water moccasins
  2 black bears
  15 orc warriors
  2 phantoms
  2 sky beasts (D:9)
  A necrophage (D:9)
  11 ice beasts
  4 boggarts (D:15)
  5 ogres
  15 centaurs
  4 crocodiles
  A lemure (D:6)
  9 bullfrogs
  5 big kobolds
  A small abomination (Abyss:2)
  A wyvern zombie (D:6)
  Dowan (D:6)
  3 wyvern skeletons
  3 killer bees (D:9)
  10 wights
  7 howler monkeys
  8 orc priests
  3 bullfrog zombies
  5 hounds
  4 centaur skeletons
  5 orc wizards
  4 jellies
  A bullfrog skeleton (D:11)
  6 iguanas
  15 worker ants
  2 hound skeletons
  16 adders
  A shadow imp (D:10)
  7 white imps
  12 ufetubi
  An ooze (D:3)
  2 adder skeletons
  2 worms (D:3)
  A dart slug (D:4)
  14 leopard geckos
  49 orcs
  3 ball pythons
  8 bats
  6 giant cockroaches
  9 goblins
  13 hobgoblins
  15 jackals
  2 quokkas
  6 frilled lizards
  17 kobolds
  A quokka skeleton (D:6)
  9 rats
500 creatures vanquished.

Vanquished Creatures (collateral kills)
  2 hydras
  A two-headed ogre (D:10)
  A wolf spider zombie (D:14)
  A troll (D:9)
  2 hippogriffs
  A yak (D:14)
  An ice beast (Lair:4)
  An ogre (D:4)
  3 centaurs
  2 bullfrogs
  A wyvern zombie (D:7)
  2 wights
  A howler monkey (D:8)
  An orc wizard (D:5)
  2 adders
  5 orcs
  A quokka (D:5)
  A kobold (D:11)
  A quokka zombie (D:5)
30 creatures vanquished.

Vanquished Creatures (others)
  A hound (D:8)
  4 white imps (IceCv)
  4 ufetubi
  4 fungi
13 creatures vanquished.

Grand Total: 543 creatures vanquished

Notes
Turn   | Place    | Note
-------+----------+-------------------------------------------
     0 | D:1      | Aksej the Demonspawn Gladiator began the quest for the Orb.
     0 | D:1      | Reached XP level 1. HP: 16/16 MP: 1/1
   165 | D:1      | Gained mutation: A weak demonic guardian rushes to your
                  | aid. [demonic ancestry]
   165 | D:1      | Reached XP level 2. HP: 21/22 MP: 2/2
   193 | D:1      | Reached skill level 3 in Axes
   696 | D:1      | Gained mutation: Your flesh is cold resistant. (rC+)
                  | [demonic ancestry]
   696 | D:1      | Reached XP level 3. HP: 25/27 MP: 3/3
  1258 | D:2      | Reached skill level 1 in Shields
  1314 | D:2      | Reached XP level 4. HP: 29/34 MP: 4/4
  1373 | D:2      | Reached skill level 1 in Armour
  1517 | D:2      | Learned a level 1 spell: Animate Skeleton
  2259 | D:3      | Found a sacrificial altar of Ru.
  2573 | D:3      | Reached XP level 5. HP: 34/39 MP: 5/5
  2925 | D:4      | Noticed an ogre
  2936 | D:4      | Killed an ogre
  2936 | D:4      | Reached skill level 1 in Necromancy
  3243 | D:4      | Found a glowing golden altar of the Shining One.
  3256 | D:4      | Found a hide-covered altar of Uskayaw.
  3265 | D:4      | Found an ancient bone altar of Kikubaaqudgha.
  3294 | D:4      | Found an ornate altar of the Wu Jian Council.
  3350 | D:4      | Gained mutation: You are partially covered in large bone
                  | plates. (SH +4) [demonic ancestry]
  3350 | D:4      | Reached XP level 6. HP: 46/46 MP: 7/7
  3451 | D:4      | Found a white marble altar of Elyvilon.
  3612 | D:4      | Found an iron altar of Okawaru.
  3641 | D:4      | Reached skill level 4 in Axes
  3808 | D:4      | Reached skill level 1 in Spellcasting
  3909 | D:5      | Entered Level 5 of the Dungeon
  3958 | D:5      | Gained mutation: You have large cloven feet. [demonic
                  | ancestry]
  3958 | D:5      | Reached XP level 7. HP: 14/52 MP: 7/9
  4325 | D:5      | Found a stormy altar of Qazlal.
  4335 | D:5      | Became a worshipper of Qazlal Stormbringer
  4865 | D:6      | Noticed Dowan
  4866 | D:6      | Noticed Duvessa
  4887 | D:6      | Killed Duvessa
  4889 | D:6      | Killed Dowan
  5005 | D:6      | Reached XP level 8. HP: 52/59 MP: 11/11
  5061 | D:6      | Reached skill level 5 in Axes
  5197 | D:6      | Noticed Pikel
  5207 | D:6      | Killed Pikel
  5223 | D:6      | Found a sparkling altar of Nemelex Xobeh.
  5864 | D:7      | Found a shimmering blue altar of Sif Muna.
  5894 | D:7      | Found Yshrol's Antique Armour Shoppe.
  5929 | D:7      | Reached * piety under Qazlal
  5944 | D:7      | Gained mutation: You are immune to freezing clouds.
                  | [demonic ancestry]
  5944 | D:7      | Reached XP level 9. HP: 65/65 MP: 13/13
  5965 | D:7      | Found a staircase to the Ecumenical Temple.
  5977 | D:7      | Learned a level 1 spell: Pain
  5982 | D:7      | Learned a level 4 spell: Animate Dead
  6239 | D:7      | Got a fabulously ornate robe
  6240 | D:7      | Identified the cursed +1 robe of Bespelled Freedom
                  | {*Corrode rF- Int+8 Dex+3} (You found it on level 7 of the
                  | Dungeon)
  6343 | D:7      | Reached skill level 6 in Axes
  6755 | D:8      | Got a bloodstained dagger
  6756 | D:8      | Identified the +7 dagger of the Forgotten Stories {venom,
                  | +Fly rC+} (You found it on level 8 of the Dungeon)
  6907 | D:8      | Reached skill level 5 in Dodging
  7360 | D:9      | Noticed a troll
  7367 | D:9      | Killed a troll
  7367 | D:9      | Reached skill level 5 in Fighting
  7475 | D:9      | Reached XP level 10. HP: 74/74 MP: 15/15
  7482 | D:9      | Reached skill level 7 in Axes
  7482 | D:9      | Reached ** piety under Qazlal
  7485 | D:9      | Reached skill level 5 in Necromancy
  7744 | D:9      | Found Vitoum's Antique Weapon Emporium.
  7747 | D:9      | Bought an iridescent battleaxe for 345 gold pieces
  7747 | D:9      | Identified the +5 battleaxe of Ylaaxkix {vamp, *Rage rF+
                  | rC+++ Dex+7} (You bought it in a shop on level 9 of the
                  | Dungeon)
  8129 | D:9      | Found a hazy altar of Hepliaklqana.
  8322 | D:10     | Entered Level 10 of the Dungeon
  8368 | D:10     | Reached skill level 5 in Throwing
  8691 | D:10     | Found a runed translucent gate.
  8691 | D:10     | Found a runed translucent gate.
  8692 | D:10     | Found a runed translucent gate.
  8692 | D:10     | Noticed rasy's ghost (journeyman MiFi)
  8857 | D:10     | Found a staircase to the Orcish Mines.
  8976 | D:10     | Found a staircase to the Lair.
  9272 | D:11     | Reached skill level 8 in Axes
  9278 | D:11     | Reached *** piety under Qazlal
  9323 | D:11     | Reached skill level 5 in Armour
  9326 | D:11     | Noticed a gargoyle
  9333 | D:11     | Killed a gargoyle
  9333 | D:11     | Gained mutation: You have hoof-like feet. [demonic
                  | ancestry]
  9333 | D:11     | Reached XP level 11. HP: 81/81 MP: 18/18
  9428 | D:11     | Noticed a red ugly thing
  9440 | D:11     | Killed a red ugly thing
  9440 | D:11     | Reached skill level 5 in Spellcasting
  9765 | D:11     | Reached **** piety under Qazlal
  9765 | D:11     | Noticed a purple ugly thing
  9773 | D:11     | Killed a purple ugly thing
  9816 | D:11     | Learned a level 1 spell: Pain
  9820 | D:11     | Learned a level 3 spell: Vampiric Draining
 10223 | D:12     | Got a crude leather armour
 10234 | D:12     | Identified the +1 leather armour "Geejenis" {Dex+2} (You
                  | found it on level 12 of the Dungeon)
 10258 | D:12     | Noticed a deep elf mage
 10267 | D:12     | Killed a deep elf mage
 10310 | D:12     | Noticed Frances
 10326 | D:12     | Killed Frances
 10347 | D:12     | Reached skill level 9 in Axes
 10391 | D:12     | Noticed a purple ugly thing
 10401 | D:12     | Killed a purple ugly thing
 10663 | D:12     | Noticed Snorg
 10684 | D:12     | Killed Snorg
 11231 | D:13     | Noticed a centaur warrior
 11240 | D:13     | Killed a centaur warrior
 11240 | D:13     | Gained mutation: A meltable icy envelope protects you from
                  | harm. (AC +10) [demonic ancestry]
 11240 | D:13     | Reached XP level 12. HP: 81/89 MP: 20/20
 11286 | D:13     | Found Vixeqiej's Antique Armour Shop.
 11294 | D:13     | Bought a pair of embroidered gloves for 172 gold pieces
 11922 | D:14     | Noticed a six-headed hydra
 11951 | D:14     | Killed a six-headed hydra
 12126 | D:14     | Reached ***** piety under Qazlal
 12179 | D:14     | Reached skill level 1 in Short Blades
 12198 | D:14     | Reached skill level 10 in Axes
 12273 | D:14     | Noticed a centaur warrior
 12274 | D:14     | Noticed a centaur warrior
 12282 | D:14     | Killed a centaur warrior
 12291 | D:14     | Killed a centaur warrior
 12504 | D:14     | Noticed a centaur warrior
 12511 | D:14     | Killed a centaur warrior
 12579 | D:14     | Noticed a vault guard
 12618 | D:14     | Noticed an ogre mage
 12637 | D:14     | Killed an ogre mage
 12733 | D:14     | Noticed a vault guard
 12734 | D:14     | Noticed a vault guard
 12736 | D:14     | Noticed a vault guard
 12741 | D:14     | Killed a vault guard
 12741 | D:14     | Reached XP level 13. HP: 98/98 MP: 23/23
 12758 | D:14     | Found a gate to the Vaults.
 13186 | D:15     | Entered Level 15 of the Dungeon
 13237 | D:15     | Got an ichor-stained long sword
 13411 | D:15     | Reached skill level 11 in Axes
 13523 | D:15     | Reached ****** piety under Qazlal
 14022 | D:15     | Found a staircase to the Depths.
 14114 | D:15     | Found a roughly hewn altar of Beogh.
 14137 | D:15     | Identified the +9 long sword of Untruth {flame, Fragile
                  | rPois Str+4} (You found it on level 15 of the Dungeon)
 14356 | D:10     | Killed rasy's ghost
 14402 | Lair:1   | Entered Level 1 of the Lair of Beasts
 14405 | Lair:1   | Gained mutation: You are mostly covered in large bone
                  | plates. (SH +6) [demonic ancestry]
 14405 | Lair:1   | Reached XP level 14. HP: 106/106 MP: 25/25
 14439 | Lair:1   | Reached skill level 1 in Long Blades
 14567 | Lair:1   | Noticed Harold
 14583 | Lair:1   | Killed Harold
 14824 | Lair:1   | Noticed Erica
 14838 | Lair:1   | Killed Erica
 15590 | Lair:2   | You fall into a shaft and drop 2 floors!
 15604 | Lair:4   | Found a staircase to the Snake Pit.
 15605 | Lair:4   | Found a frozen archway.
 15608 | Lair:4   | Noticed Sonja
 15641 | Lair:4   | Cast into level 2 of the Abyss (Sonja)
 15665 | Abyss:2  | Noticed a revenant
 15670 | Abyss:2  | Noticed a balrug
 15673 | Abyss:2  | Found a shadowy altar of Dithmenos.
 15689 | Lair:4   | Escaped the Abyss
 15693 | IceCv    | Entered an ice cave
 16523 | IceCv    | Noticed a reaper
 16541 | IceCv    | Killed a reaper
 16596 | IceCv    | Got a twisted demon blade
 16597 | IceCv    | Identified the cursed +1 demon blade of Chagrin {elec,
                  | Fragile rElec rPois rN++} (You found it in an ice cave)
 16678 | Lair:4   | Cast into level 2 of the Abyss (Sonja)
 16678 | Abyss:2  | Found a corrupted altar of Lugonu.
 16864 | Abyss:2  | Noticed a tentacled monstrosity
 16885 | Abyss:2  | HP: 4/86 [hellwing (3)]
 16891 | Abyss:2  | Slain by a lorocyproca

Illustrated notes

Levels and vault maps discovered:
D:1:      lordsloth_arrival_two_stooges, layout_basic, st_stairs_3
D:2:      layout_basic
D:3:      layout_basic, hangedman_ru_absence
D:4:      layout_loops_corners, okawaru_metal_pillars_3,
          nicolae_overflow_quartered_altars, tso_altar
D:5:      minmay_general_purpose_star, layout_basic, grunt_qazlal_clouds
D:6:      layout_basic, nemelex_xobeh_ov_fountains_minmay, uniq_duvessa,
          uniq_pikel
D:7:      layout_cave_pools, lemuel_blue_sif_altar,
          minmay_temple_entry_drinking_statues, serial_shops, shop,
          grunt_livestock, hangedman_decor_diamond_cutter, grunt_decor_cap,
          lightli_corner_chamber
D:8:      layout_basic
D:9:      layout_irregular_city, lemuel_round_altar, serial_shops,
          kennysheep_mini_moat
D:10:     layout_basic, lair_entry_dummy, orc_0_dummy, gammafunk_ghost_spectres,
          grunt_ministairs_3
D:11:     layout_cave_pods
D:12:     layout_roguey, uniq_frances, uniq_snorg
D:13:     layout_basic, serial_shops, shop_fountains
D:14:     layout_basic, grunt_vaults_entry_fortified, minivault_23
D:15:     grunt_enter_depths_hoard, layout_basic, special_room
          [special_room_orc], chequers_serial_rivers_micro_b
Lair:1:   layout_roguey, chequers_serial_rivers_micro_c, serial_bayou_shore_a,
          lemuel_fruit_tree, uniq_erica, uniq_harold
Lair:2:   layout_cave_pods
Lair:4:   layout_concentric_octagons, elwin_shoals_entry_stream,
          guppyfry_snake_entry_island, serial_forest,
          infiniplex_forest_clump_small, infiniplex_forest_lined_room_2,
          infiniplex_forest_clump_diagonal, infiniplex_forest_split,
          infiniplex_forest_lined_2, infiniplex_forest_corner_1,
          portal_ice_cave_entry_ice_beasts, uniq_sonja
Abyss:2:  base: D:15, base: D:8, minivault_1, hangedman_decor_riveting

Skill      XL: |  1  2  3  4  5  6  7  8  9 10 11 12 13 14 |
---------------+-------------------------------------------+-----
Axes           | 3 4 5 6 8 9 10 11 | 11.8
Throwing       | 2 3 4 5 6 7 8 |  8.4
Shields        | 1 2 3 4 |  4.3
Armour         | 1 2 3 4 5 6 7 8 |  8.0
Dodging        | 3 4 5 6 7 8 |  8.7
Necromancy     | 1 2 3 4 6 7 8 9 |  9.6
Spellcasting   | 1 2 3 4 5 6 7 |  7.9
Fighting       | 3 4 5 6 7 8 9 |  9.0
Short Blades   | 2 4 |  4.7
Long Blades    | 2 |  2.4

Action                   |  1- 3 |  4- 6 |  7- 9 | 10-12 | 13-15 || total
-------------------------+-------+-------+-------+-------+-------++-------
Melee: War axe           |   106 |   181 |   284 |    16 |       ||   587
       Battleaxe         |       |       |       |   532 |   285 ||   817
       Dagger            |       |       |       |    13 |       ||    13
       Long sword        |       |       |       |       |   229 ||   229
Throw: Throwing net      |     4 |     1 |       |       |     2 ||     7
       Javelin           |       |       |       |    12 |    40 ||    52
       Boomerang         |       |       |       |       |    34 ||    34
 Cast: Animate Skeleton  |       |       |       |    25 |     1 ||    26
       Pain              |       |       |       |     1 |       ||     1
Evoke: Wand              |       |       |       |     1 |       ||     1
  Use: Scroll            |     6 |     9 |     7 |     7 |    10 ||    39
       Potion            |     1 |     5 |     4 |     1 |     5 ||    16
 Stab: Distracted        |       |     1 |     2 |     7 |     5 ||    15
Armor: Leather armour    |    24 |     2 |       |       |       ||    26
       Fire dragon scale |       |    91 |   135 |   307 |   271 ||   804
Dodge: Dodged            |    46 |    55 |    87 |   301 |   360 ||   849
       Repelled          |       |       |       |     4 |     7 ||    11
Block: Kite shield       |    41 |    95 |   230 |    18 |       ||   384
       Other             |       |       |       |   246 |   490 ||   736
       Reflection        |       |       |       |       |     8 ||     8
       Rpst.: Long sword |       |       |       |       |    36 ||    36

Table legend: (Time is in decaauts)
 A = Elapsed time spent in this place.
 B = Non-inter-level travel time spent in this place.
 C = Inter-level travel time spent in this place.
 D = Time resting spent in this place.
 E = Time spent auto-exploring this place.
 F = Levels seen in this place.
 G = Mean time per level.
                   A        B        C        D        E       F      G
               +--------+--------+--------+--------+--------+-----+--------+
         Total |  17606 |  17079 |    527 |   2325 |  10615 |  21 |  838.4 |
       Dungeon |  15036 |  14516 |    520 |   1740 |   9454 |  15 | 1002.4 |
          Lair |   1300 |   1293 |      7 |      0 |   1044 |   3 |  433.3 |
         Abyss |    267 |    267 |      0 |     24 |      0 |   2 |  133.5 |
      Ice Cave |   1001 |   1001 |      0 |    561 |    116 |   1 | 1001.0 |
               +--------+--------+--------+--------+--------+-----+--------+

Top non-repeatable levels by time:
    D:14: 1441 daAuts
     D:2: 1119 daAuts
    D:10: 1117 daAuts
     D:1: 1113 daAuts
    D:15: 1097 daAuts
     D:6: 1053 daAuts
     D:9: 1028 daAuts
    D:11: 1027 daAuts
     D:4: 1016 daAuts
   IceCv: 1001 daAuts
    D:12: 1000 daAuts
     D:5: 847 daAuts
     D:7: 838 daAuts
    D:13: 815 daAuts
     D:8: 767 daAuts
